 Dungeon Crawl Stone Soup version 0.30.0-29-ga12c61a403 (webtiles) character file.

Game seed: 15808636197659757416

8664 qw the Cleaver (level 11, -8/68 HPs)
             Began as a Gargoyle Fighter on June 4, 2023.
             Was a High Priest of Okawaru.
             Killed by divine providence
             ... invoked by a smoke demon
              (14 damage)
             ... on level 1 of the Abyss.
             The game lasted 00:04:47 (9885 turns).

qw the Cleaver (Gargoyle Fighter)                   Turns: 9885, Time: 00:04:47

Health: -8/68      AC: 34    Str: 23    XL:     11   Next: 34%
Magic:  16/17      EV: 13    Int: 13    God:    Okawaru [*****.]
Gold:   523        SH:  6    Dex:  8    Spells: 10/10 levels left

rFire   . . .        Y - +1 war axe
rCold   . . .        c - +0 buckler
rNeg    + . .        q - +0 plate armour
rPois   inf          (helmet restricted)
rElec   +            A - +2 cloak
rCorr   .            t - +2 pair of gloves
SInv    .            a - +2 pair of boots
Will    .....        g - amulet of faith Stlth
                     y - +5 ring of evasion
HPRegen 0.31/turn    (no ring)
MPRegen 0.15/turn

%: faith
@: heroic, marked
A: sickness immunity, AC +8, negative energy resistance 1, electricity
resistance, torment resistance 1, petrification resistance, horns 1, clever 1
a: Renounce Religion, Heroism, Finesse, Duel


You were on level 1 of the Abyss.
You worshipped Okawaru.
Okawaru was extremely pleased with you.
You visited 3 branches of the dungeon, and saw 12 of its levels.
You visited the Abyss 1 time.
You also visited: Sewer.

You collected 731 gold pieces.
You spent 208 gold pieces at shops.


Innate Abilities, Weirdness & Mutations

You are immune to sickness and miasma.
Your stone body is resilient. (AC +8)
You are immune to poison.
You resist negative energy. (rN+)
You are resistant to electric shocks. (rElec)
You are resistant to unholy torment.
You are immune to petrification.
You have a pair of small horns on your head.
Your mind is acute. (Int +4, Str/Dex -1)


   Skills:
 - Level 8.0(13.0) Fighting
 - Level 11.0(16.0) Axes
 - Level 3.0(8.0) Throwing
 + Level 7.5(12.5) Armour
 - Level 1.1(6.1) Dodging
 - Level 5.0(10.0) Shields
 + Level 8.1 Invocations


You had 10 spell levels left.
You didn't know any spells.
Your spell library was empty.

Inventory:

Hand Weapons
 w - a +5 morningstar
 Y - a +1 war axe (weapon)
Missiles
 m - 11 boomerangs
 n - 2 javelins (quivered)
 v - 2 boomerangs of dispersal
Armour
 a - a +2 pair of boots (worn)
 c - a +0 buckler (worn)
 q - a +0 plate armour (worn)
 t - a +2 pair of gloves (worn)
 A - a +2 cloak (worn)
Jewellery
 g - an amulet of faith (around neck)
 l - an amulet of the acrobat
 o - an amulet of guardian spirit
 y - a +5 ring of evasion (left hand)
Wands
 u - a wand of digging (4)
Scrolls
 j - 3 scrolls of identify
Potions
 b - 4 potions of curing
 d - 4 potions of might
 e - 2 potions of attraction
 i - 4 potions of lignification
 r - 5 potions of mutation
 s - a potion of haste

Dungeon Overview and Level Annotations

Branches:
Dungeon (9/15)             Temple (1/1) D:4            Lair (2/5) D:9
  Sewer (visited)
  Swamp: Lair:2-3    Shoals: Lair:2-3     Snake: Lair:2-3    Spider: Lair:2-3
    Orc: D:9-12

Altars:
Ashenzari
Cheibriados
Dithmenos
Elyvilon
Fedhas
Gozag
Hepliaklqana
Kikubaaqudgha
Makhleb
Nemelex Xobeh
Okawaru
Qazlal
Sif Muna
Trog
Uskayaw
Vehumet
Wu Jian
Xom
Yredelemnul
Zin
The Shining One

Shops:
D:7 [

Annotations:
D:3 3 runed translucent doors, qw's ghost, amateur GrFi
Lair:2 Gastronok; Harold


Message History

The ynoxinul gestures.
You slash the ynoxinul!
The ynoxinul is heavily wounded.
You hit the ufetubus. The ufetubus closely misses you.
You block the ufetubus's attack. The ynoxinul closely misses you.
You slash the ynoxinul!
You headbutt the ynoxinul, but do no damage.
The ynoxinul is severely wounded.
You barely miss the ufetubus. The ufetubus closely misses you.
The ufetubus barely misses you.
You slash the ynoxinul!
You kill the ynoxinul!
Okawaru accepts your kill.
The ufetubus disappears in a puff of smoke! x3
You start resting.
A worldbinder comes into view.
You are too injured to fight recklessly!
You are too injured to fight recklessly!
You hit the worldbinder but do no damage.
You headbutt the worldbinder, but do no damage.
You block the worldbinder's attack.
The worldbinder hits you but does no damage.
You hit the worldbinder but do no damage.
The worldbinder hits you but does no damage.
The worldbinder closely misses you.
You hit the worldbinder but do no damage.
You headbutt the worldbinder, but do no damage.
The worldbinder calls forth creatures from the Swamp!
A smoke demon comes into view.
You hit the worldbinder but do no damage.
You headbutt the worldbinder.
The worldbinder is lightly damaged.
The worldbinder misses you. The worldbinder barely misses you.
You hit the worldbinder but do no damage.
The worldbinder is lightly damaged.
The goliath frog hits you but does no damage.
The smoke demon gestures at you. Something smites you!
You die...

....#.....#....
............ . .
........ . .
..3............ ..
#.....# ...# ...
##%..## ...##
.....#.F...#..... .
.................
......x@......... .
.....n...........
.....#.....#.....#
##...###...###...##
#... ..... ... #
.... ....... .....
## ..###~7~~ ~.#.
## ~~~~


You could see a goliath frog (summoned), a worldbinder, a bog body (summoned)
and a smoke demon.

Vanquished Creatures
  A two-headed ogre (D:8)
  A thrashing horror (Abyss:1)
  Psyche (D:8)
  An unseen horror zombie (D:9)
  Maggie (Lair:2)
  2 komodo dragons (Lair:1)
  Sigmund (D:4)
  A ynoxinul (Abyss:1)
  2 wyverns
  6 yaks (D:9)
  Menkaure (D:7)
  5 water moccasins
  3 hell hounds (Abyss:1)
  2 ice beasts
  2 orc warriors
  3 black bears
  An ogre (D:5)
  4 centaurs
  6 wolves (Lair:1)
  2 phantoms
  3 kobold brigands
  6 bullfrogs
  A gnoll sergeant (D:9)
  12 wights
  3 killer bees (D:9)
  2 howler monkeys (D:7)
  A jelly (D:4)
  3 hounds (D:4)
  3 orc priests
  A sleepcap (D:5)
  A gnoll bouda (D:9)
  2 iguanas (D:5)
  3 orc wizards
  A howler monkey zombie (D:9)
  Robin (D:3)
  9 gnolls (D:9)
  4 adders
  2 shadow imps (D:8)
  A white imp (D:7)
  2 ufetubi (D:5)
  6 worms
  4 dart slugs
  27 orcs
  8 ball pythons
  9 endoplasms
  6 giant cockroaches
  16 goblins
  4 hobgoblins
  4 jackals
  13 kobolds
  3 quokkas
  8 bats
  A frilled lizard (D:1)
  6 rats
222 creatures vanquished.

Vanquished Creatures (others)
  A kobold (D:8)
1 creature vanquished.

Grand Total: 223 creatures vanquished

Notes
Turn   | Place    | Note
-------+----------+-------------------------------------------
     0 | D:1      | qw the Gargoyle Fighter began the quest for the Orb.
     0 | D:1      | Reached XP level 1. HP: 14/14 MP: 1/1
     0 | D:1      | 0 ||| qw: Version: 0.2-a-107-g4668610
     0 | D:1      | 0 ||| qw: Game counter: 1272
     0 | D:1      | 0 ||| qw: Always use a shield: true
     0 | D:1      | 0 ||| qw: God list: Okawaru
     0 | D:1      | 0 ||| qw: Allow faded altars: false
     0 | D:1      | 0 ||| qw: Do Orc after D:15 true
     0 | D:1      | 0 ||| qw: Do second Lair branch before Depths: true
     0 | D:1      | 0 ||| qw: Lair rune preference: random
     0 | D:1      | 0 ||| qw: Plans: Normal, Zot:1-4, Slime:5, God:TSO, Crypt,
                  | Tomb, Abyss, Pan, Hells, Win
     0 | D:1      | 0 ||| PLANNING D:1-11
    67 | D:1      | Reached skill level 2 in Axes
   114 | D:1      | Reached XP level 2. HP: 19/19 MP: 2/2
   533 | D:1      | 533 ||| Stepping ~*~*~tactically~*~*~ (hiding).
   536 | D:1      | 536 ||| Stepping ~*~*~tactically~*~*~ (hiding).
   702 | D:1      | Reached skill level 3 in Axes
   760 | D:1      | Reached XP level 3. HP: 23/23 MP: 3/3
   850 | D:1      | 850 ||| UPGRADING to +0 chain mail.
   860 | D:1      | 860 ||| DROPPING +0 scale mail.
   861 | D:1      | 861 ||| UPGRADING to amulet of the acrobat.
   866 | D:1      | 866 ||| READING scroll labelled SOFUUT ETWI.
   867 | D:1      | 867 ||| READING 2 scrolls labelled KIGHOW CUPTE.
   872 | D:1      | 872 ||| READING 3 scrolls labelled QUOKHL UVVIODI.
   873 | D:1      | 873 ||| DRINKING 2 fuming sapphire potions.
   874 | D:1      | 874 ||| DRINKING 3 amethyst potions.
   875 | D:1      | 875 ||| DROPPING 2 scrolls of poison.
   876 | D:1      | 876 ||| DROPPING potion of flight.
  1175 | D:2      | 1175 ||| Stepping ~*~*~tactically~*~*~ (hiding).
  1477 | D:2      | 1477 ||| UPGRADING to +0 pair of gloves.
  1482 | D:2      | 1482 ||| DROPPING amulet of guardian spirit.
  1483 | D:2      | 1483 ||| READING scroll labelled SAD HEOCRYRI.
  1484 | D:2      | 1484 ||| READING scroll labelled XUINTO FUEZEUL.
  1485 | D:2      | 1485 ||| READING scroll labelled UJIDIQUURA.
  1486 | D:2      | 1486 ||| READING scroll labelled WUMIUGRIWE.
  1660 | D:3      | 1660 ||| Stepping ~*~*~tactically~*~*~ (stealth).
  1680 | D:3      | Reached XP level 4. HP: 28/28 MP: 4/4
  1749 | D:3      | 1749 ||| Stepping ~*~*~tactically~*~*~ (stealth).
  1751 | D:3      | Noticed Robin
  1752 | D:3      | 1752 ||| Stepping ~*~*~tactically~*~*~ (stealth).
  1761 | D:3      | Reached skill level 4 in Axes
  1773 | D:3      | Killed Robin
  1878 | D:3      | Found a runed translucent gate.
  1885 | D:3      | Found a runed translucent gate.
  1885 | D:3      | Found a runed translucent gate.
  1886 | D:3      | Noticed a kobold brigand
  1886 | D:3      | Noticed qw's ghost (amateur GrFi)
  2123 | D:3      | 2123 ||| UPGRADING to +1 pair of boots.
  2128 | D:3      | 2128 ||| UPGRADING to +0 helmet.
  2133 | D:3      | 2133 ||| UPGRADING to amulet of faith.
  2207 | D:4      | 2207 ||| Stepping ~*~*~tactically~*~*~ (stealth).
  2216 | D:4      | Reached XP level 5. HP: 29/32 MP: 5/5
  2228 | D:4      | Found a staircase to the Ecumenical Temple.
  2229 | D:4      | 2229 ||| PLANNING TEMPLE
  2241 | D:4      | Noticed a black bear
  2259 | D:4      | Killed a black bear
  2260 | D:4      | Reached skill level 5 in Axes
  2260 | D:4      | Reached XP level 6. HP: 24/37 MP: 6/6
  2312 | Temple   | Entered the Ecumenical Temple
  2356 | Temple   | 2356 ||| PLANNING OKAWARU WORSHIP
  2371 | Temple   | Became a worshipper of Warmaster Okawaru
  2371 | Temple   | 2371 ||| PLANNING D:1-11
  2639 | D:4      | 2639 ||| DROPPING +0 club.
  2648 | D:4      | Noticed Sigmund
  2658 | D:4      | Killed Sigmund
  2663 | D:4      | Noticed a black bear
  2673 | D:4      | Killed a black bear
  2673 | D:4      | Reached * piety under Okawaru
  2674 | D:4      | Reached skill level 6 in Axes
  2674 | D:4      | Reached XP level 7. HP: 27/44 MP: 7/7
  2674 | D:4      | 2674 ||| INVOKING Heroism.
  2759 | D:4      | Found a shadowy altar of Dithmenos.
  2759 | D:4      | Found a glowing silver altar of Zin.
  2760 | D:4      | Found a blossoming altar of Fedhas.
  2922 | D:4      | Reached skill level 1 in Dodging
  2977 | D:4      | 2977 ||| Stepping ~*~*~tactically~*~*~ (hiding).
  2978 | D:4      | 2978 ||| Stepping ~*~*~tactically~*~*~ (hiding).
  2997 | D:4      | 2997 ||| INVOKING Heroism.
  3428 | D:4      | 3428 ||| DRINKING 2 cyan potions.
  3477 | D:5      | Entered Level 5 of the Dungeon
  3478 | D:5      | 3478 ||| PLANNING OSSUARY
  3490 | D:5      | 3490 ||| Stepping ~*~*~tactically~*~*~ (stealth).
  3492 | D:5      | 3492 ||| Stepping ~*~*~tactically~*~*~ (stealth).
  3579 | D:5      | Reached skill level 1 in Throwing
  3579 | D:5      | Reached skill level 1 in Invocations
  3627 | D:5      | 3627 ||| Stepping ~*~*~tactically~*~*~ (stealth).
  3800 | D:5      | Reached XP level 8. HP: 47/49 MP: 9/9
  3810 | D:5      | 3810 ||| INVOKING Heroism.
  3821 | D:5      | Reached skill level 7 in Axes
  3927 | D:5      | Reached skill level 3 in Invocations
  3972 | D:5      | 3972 ||| INVOKING Heroism.
  4249 | D:5      | Found a sand-covered staircase.
  4250 | D:5      | 4250 ||| DRINKING 3 gluggy blue potions.
  4250 | D:5      | Gained mutation: Armour fits poorly on your strangely
                  | shaped body. [potion of mutation]
  4250 | D:5      | Gained mutation: You are occasionally teleported next to
                  | monsters. [potion of mutation]
  4251 | D:5      | 4251 ||| DRINKING 2 potions of mutation.
  4251 | D:5      | Lost mutation: You are occasionally teleported next to
                  | monsters. [potion of mutation]
  4251 | D:5      | Lost mutation: Armour fits poorly on your strangely shaped
                  | body. [potion of mutation]
  4251 | D:5      | Gained mutation: You have a pair of small horns on your
                  | head. [potion of mutation]
  4251 | D:5      | Gained mutation: Your mind is acute. (Int +4, Str/Dex -1)
                  | [potion of mutation]
  4251 | D:5      | Gained mutation: You sometimes lose your temper in combat.
                  | [potion of mutation]
  4251 | D:5      | Lost mutation: You sometimes lose your temper in combat.
                  | [potion of mutation]
  4252 | D:5      | 4252 ||| DROPPING +0 helmet.
  4253 | D:5      | 4253 ||| READING 4 scrolls of identify.
  4253 | D:5      | 4253 ||| IDENTIFYING glowing ruby potion
  4254 | D:5      | 4254 ||| READING 3 scrolls of identify.
  4254 | D:5      | 4254 ||| IDENTIFYING red potion
  4255 | D:5      | 4255 ||| DROPPING potion of brilliance.
  4277 | D:6      | 4277 ||| Stepping ~*~*~tactically~*~*~ (hiding).
  4278 | D:6      | 4278 ||| Stepping ~*~*~tactically~*~*~ (hiding).
  4286 | D:6      | 4286 ||| INVOKING Heroism.
  4407 | D:6      | Found a glowing drain.
  4408 | D:6      | 4408 ||| RIP OSSUARY
  4408 | D:6      | 4408 ||| PLANNING SEWER
  4409 | D:6      | 4409 ||| Stepping ~*~*~tactically~*~*~ (stealth).
  4410 | D:6      | 4410 ||| READING scroll labelled POWYCE ALOHU.
  4411 | D:6      | 4411 ||| READING 2 scrolls of identify.
  4411 | D:6      | 4411 ||| IDENTIFYING dark potion
  4425 | Sewer    | Entered a sewer
  4503 | Sewer    | Reached ** piety under Okawaru
  4561 | D:6      | 4561 ||| PLANNING D:1-11
  5118 | D:6      | 5118 ||| INVOKING Heroism.
  5221 | D:6      | 5221 ||| INVOKING Heroism.
  5230 | D:6      | Reached skill level 8 in Axes
  5552 | D:6      | 5552 ||| READING scroll labelled UCIRCH SOF RAUCHUFE.
  5600 | D:7      | Noticed Menkaure
  5601 | D:7      | 5601 ||| INVOKING Heroism.
  5612 | D:7      | Reached XP level 9. HP: 23/55 MP: 10/12
  5614 | D:7      | 5614 ||| INVOKING Heroism.
  5616 | D:7      | Killed Menkaure
  5617 | D:7      | Reached skill level 6 in Fighting
  5764 | D:7      | 5764 ||| Stepping ~*~*~tactically~*~*~ (stealth).
  5838 | D:7      | 5838 ||| INVOKING Heroism.
  5935 | D:7      | 5935 ||| Stepping ~*~*~tactically~*~*~ (stealth).
  5939 | D:7      | 5939 ||| Stepping ~*~*~tactically~*~*~ (hiding).
  6072 | D:7      | Found Micvo's Armour Shoppe.
  6093 | D:7      | 6093 ||| INVOKING Heroism.
  6096 | D:7      | HP: 11/56 [wight/+0 dire flail (10)]
  6097 | D:7      | 6097 ||| READING 3 scrolls of teleportation.
  6098 | D:7      | 6098 ||| DRINKING 4 potions of heal wounds.
  6105 | D:7      | 6105 ||| FLEEEEING.
  6106 | D:7      | 6106 ||| FLEEEEING.
  6107 | D:7      | 6107 ||| FLEEEEING.
  6108 | D:7      | 6108 ||| FLEEEEING.
  6111 | D:7      | 6111 ||| FLEEEEING.
  6112 | D:7      | 6112 ||| FLEEEEING.
  6113 | D:7      | 6113 ||| FLEEEEING.
  6114 | D:7      | 6114 ||| FLEEEEING.
  6115 | D:7      | 6115 ||| FLEEEEING.
  6121 | D:7      | 6121 ||| FLEEEEING.
  6122 | D:7      | 6122 ||| FLEEEEING.
  6123 | D:7      | 6123 ||| FLEEEEING.
  6124 | D:7      | 6124 ||| FLEEEEING.
  6125 | D:7      | 6125 ||| FLEEEEING.
  6126 | D:7      | 6126 ||| FLEEEEING.
  6127 | D:7      | 6127 ||| FLEEEEING.
  6128 | D:7      | 6128 ||| FLEEEEING.
  6134 | D:7      | 6134 ||| FLEEEEING.
  6135 | D:7      | 6135 ||| FLEEEEING.
  6136 | D:7      | 6136 ||| FLEEEEING.
  6137 | D:7      | 6137 ||| FLEEEEING.
  6138 | D:7      | 6138 ||| FLEEEEING.
  6139 | D:7      | 6139 ||| FLEEEEING.
  6141 | D:7      | 6141 ||| FLEEEEING.
  6142 | D:7      | 6142 ||| FLEEEEING.
  6143 | D:7      | 6143 ||| FLEEEEING.
  6144 | D:7      | 6144 ||| FLEEEEING.
  6145 | D:7      | 6145 ||| FLEEEEING.
  6146 | D:7      | 6146 ||| FLEEEEING.
  6147 | D:7      | 6147 ||| FLEEEEING.
  6148 | D:7      | 6148 ||| FLEEEEING.
  6149 | D:7      | 6149 ||| FLEEEEING.
  6150 | D:7      | 6150 ||| FLEEEEING.
  6151 | D:7      | 6151 ||| FLEEEEING.
  6152 | D:7      | 6152 ||| STAIRDANCE
  6213 | D:6      | 6213 ||| UPGRADING to +1 pair of gloves.
  6223 | D:6      | 6223 ||| DROPPING +0 pair of gloves.
  6234 | D:7      | 6234 ||| STAIRDANCE
  6279 | D:6      | 6279 ||| DROPPING +0 whip.
  6337 | D:7      | 6337 ||| Stepping ~*~*~tactically~*~*~ (hiding).
  6342 | D:7      | 6342 ||| Stepping ~*~*~tactically~*~*~ (hiding).
  6374 | D:7      | 6374 ||| Stepping ~*~*~tactically~*~*~ (stealth).
  6379 | D:7      | Reached skill level 9 in Axes
  6403 | D:7      | 6403 ||| Stepping ~*~*~tactically~*~*~ (hiding).
  6405 | D:7      | 6405 ||| Stepping ~*~*~tactically~*~*~ (hiding).
  6458 | D:7      | 6458 ||| INVOKING Heroism.
  6635 | D:7      | 6635 ||| BUYING +1 scale mail of cold resistance (208
                  | gold).
  6635 | D:7      | Bought a +1 scale mail of cold resistance for 208 gold
                  | pieces
  6796 | D:7      | 6796 ||| READING scroll labelled DYIKIFERUM.
  6797 | D:7      | 6797 ||| DRINKING 2 puce potions.
  6835 | D:8      | 6835 ||| Stepping ~*~*~tactically~*~*~ (hiding).
  6836 | D:8      | 6836 ||| Stepping ~*~*~tactically~*~*~ (hiding).
  6837 | D:8      | 6837 ||| Stepping ~*~*~tactically~*~*~ (hiding).
  7121 | D:8      | 7121 ||| Stepping ~*~*~tactically~*~*~ (hiding).
  7128 | D:8      | Noticed Psyche
  7129 | D:8      | 7129 ||| INVOKING Heroism.
  7149 | D:8      | Killed Psyche
  7149 | D:8      | Reached *** piety under Okawaru
  7150 | D:8      | Reached XP level 10. HP: 37/63 MP: 13/13
  7238 | D:8      | Noticed a two-headed ogre
  7239 | D:8      | 7239 ||| INVOKING Heroism.
  7248 | D:8      | Killed a two-headed ogre
  7249 | D:8      | Reached skill level 10 in Axes
  7398 | D:8      | Found a broken altar of Ashenzari.
  7398 | D:8      | Found a faded altar of an unknown god.
  7406 | D:8      | Found an ancient bone altar of Kikubaaqudgha.
  7408 | D:8      | Found a faded altar of an unknown god.
  7410 | D:8      | Found a bloodstained altar of Trog.
  7511 | D:8      | 7511 ||| UPGRADING to +2 cloak.
  7516 | D:8      | 7516 ||| UPGRADING to +5 ring of evasion.
  7517 | D:8      | 7517 ||| READING scroll labelled VIHAIBL FEUDE.
  7518 | D:8      | 7518 ||| READING 3 scrolls of identify.
  7518 | D:8      | 7518 ||| IDENTIFYING glowing pink potion
  7519 | D:8      | 7519 ||| READING 2 scrolls of identify.
  7519 | D:8      | 7519 ||| IDENTIFYING yellow potion
  7520 | D:8      | 7520 ||| DROPPING potion of ambrosia.
  7521 | D:8      | 7521 ||| DROPPING potion of degeneration.
  7617 | D:9      | Found a staircase to the Lair.
  7621 | D:9      | 7621 ||| INVOKING Heroism.
  7814 | D:9      | Reached skill level 6 in Armour
  7826 | D:9      | Reached **** piety under Okawaru
  7873 | D:9      | 7873 ||| DROPPING +2 morningstar.
  7975 | D:9      | 7975 ||| Stepping ~*~*~tactically~*~*~ (hiding).
  8025 | D:9      | 8025 ||| Stepping ~*~*~tactically~*~*~ (stealth).
  8027 | D:9      | 8027 ||| INVOKING Heroism.
  8039 | D:9      | Reached skill level 3 in Throwing
  8046 | D:9      | HP: 15/64 [gnoll/+0 halberd[a gnoll bouda] (3)]
  8047 | D:9      | 8047 ||| READING 2 scrolls of teleportation.
  8048 | D:9      | 8048 ||| DRINKING 3 potions of heal wounds.
  8199 | D:9      | 8199 ||| Stepping ~*~*~tactically~*~*~ (hiding).
  8214 | D:9      | 8214 ||| READING scroll of enchant armour.
  8214 | D:9      | 8214 ||| ENCHANTING +1 pair of gloves.
  8485 | D:9      | Reached skill level 6 in Invocations
  8510 | D:9      | Found a basalt altar of Yredelemnul.
  8580 | D:9      | 8580 ||| PLANNING LAIR
  8580 | D:9      | 8580 ||| DROPPING +1 scale mail of cold resistance.
  8581 | D:9      | 8581 ||| UPGRADING to +0 plate armour.
  8591 | D:9      | 8591 ||| DROPPING +0 chain mail.
  8592 | D:9      | 8592 ||| DROPPING +1 scale mail of cold resistance.
  8593 | D:9      | 8593 ||| READING scroll labelled GUASYGO XOIMM.
  8653 | Lair:1   | Entered Level 1 of the Lair of Beasts
  8681 | Lair:1   | 8681 ||| READING scroll of enchant armour.
  8681 | Lair:1   | 8681 ||| ENCHANTING +1 pair of boots.
  8714 | Lair:1   | 8714 ||| INVOKING Heroism.
  8876 | Lair:1   | 8876 ||| Stepping ~*~*~tactically~*~*~ (stealth).
  9112 | Lair:1   | 9112 ||| Stepping ~*~*~tactically~*~*~ (stealth).
  9127 | Lair:1   | 9127 ||| INVOKING Heroism.
  9139 | Lair:1   | Reached XP level 11. HP: 55/68 MP: 13/16
  9264 | Lair:1   | 9264 ||| Stepping ~*~*~tactically~*~*~ (stealth).
  9293 | Lair:1   | 9293 ||| INVOKING Heroism.
  9772 | Lair:1   | 9772 ||| READING scroll labelled GEQATY VIAXO.
  9773 | Lair:1   | 9773 ||| READING 4 scrolls of identify.
  9773 | Lair:1   | 9773 ||| IDENTIFYING sedimented puce potion
  9774 | Lair:1   | 9774 ||| DROPPING potion of invisibility.
  9806 | Lair:2   | Noticed Gastronok
  9806 | Lair:2   | Noticed Maggie
  9806 | Lair:2   | Noticed Harold
  9807 | Lair:2   | 9807 ||| INVOKING Heroism.
  9812 | Lair:2   | Killed Maggie
  9820 | Lair:2   | HP: 16/68 [Harold/+2 long sword of distortion (14)]
  9821 | Lair:2   | 9821 ||| READING scroll of teleportation.
  9821 | Lair:2   | HP: 1/68 [Harold/+2 long sword of distortion (15)]
  9822 | Lair:2   | 9822 ||| DRINKING 2 potions of heal wounds.
  9823 | Lair:2   | 9823 ||| DRINKING potion of heal wounds.
  9824 | Abyss:1  | Cast into level 1 of the Abyss (Harold)
  9839 | Abyss:1  | 9839 ||| Stepping ~*~*~tactically~*~*~ (hiding).
  9842 | Abyss:1  | 9842 ||| INVOKING Heroism.
  9842 | Abyss:1  | Noticed a thrashing horror
  9853 | Abyss:1  | Reached skill level 11 in Axes
  9863 | Abyss:1  | 9863 ||| INVOKING Heroism.
  9864 | Abyss:1  | HP: 13/68 [thrashing horror (18)]
  9865 | Abyss:1  | HP: 2/68 [thrashing horror (11)]
  9867 | Abyss:1  | Killed a thrashing horror
  9867 | Abyss:1  | Reached ***** piety under Okawaru
  9878 | Abyss:1  | Noticed a worldbinder
  9884 | Abyss:1  | Noticed a goliath frog
  9884 | Abyss:1  | Noticed a bog body
  9885 | Abyss:1  | Killed from afar by a smoke demon

Levels and vault maps discovered:
D:1:      dpeg_chamrin_arrival_tetris, layout_basic
D:2:      layout_rooms, minivault_5, hex_intersection, roderic_cross_of_infinity
D:3:      layout_rooms, gammafunk_ghost_nasty_kobolds, serial_bayou_pond_e,
          uniq_robin
D:4:      layout_basic, gammafunk_temple_overflow_claw,
          minmay_temple_entry_mini_moons, uniq_sigmund
D:5:      layout_loops_cross, enter_ossuary_1
D:6:      layout_loops_ring, gup_sewer_entry_pipe, lightli_minifort
D:7:      layout_rooms, serial_shops, shop, uniq_menkaure
D:8:      layout_rooms, chequers_temple_overflow_minitemple,
          hangedman_decor_opposing, uniq_psyche
D:9:      layout_roguey, lemuel_zombie_altar_yredelemnul, lair_entry_dummy
Temple:   zaba_magenta_temple
Lair:1:   layout_loops_ring, serial_bayou_shore_a, infiniplex_staircase_pool,
          lemuel_fruit_tree
Lair:2:   layout_chaotic_city, minmay_shoals_entry_beasts, serial_bayou_shore_b,
          uniq_gastronok, uniq_maggie, uniq_harold
Abyss:1:  base:
Lair:1

Skill      XL: |  1  2  3  4  5  6  7  8  9 10 11 |
---------------+----------------------------------+-----
Axes           | 2 3 4 5 6 8 9 10 11 | 11.0
Fighting       | 5 7 8 |  8.0
Dodging        | 1 |  1.1
Throwing       | 1 2 3 |  3.0
Invocations    | 2 4 6 8 |  8.1
Armour         | 4 5 6 7 |  7.5
Shields        | 4 5 |  5.0

Action                     |  1- 3 |  4- 6 |  7- 9 | 10-12 || total
---------------------------+-------+-------+-------+-------++-------
  Melee: War axe           |    91 |    92 |   320 |   290 ||   793
         Headbutt          |       |       |    23 |    50 ||    73
  Throw: Boomerang         |     9 |    28 |    50 |       ||    87
         Javelin           |       |       |    33 |    26 ||    59
 Invoke: Heroism           |       |       |    13 |     9 ||    22
    Use: Scroll            |     7 |       |     7 |    10 ||    24
         Potion            |     2 |       |     5 |     3 ||    10
 Armour: Scale mail        |    22 |       |       |       ||    22
         Chain mail        |    25 |    93 |   205 |    90 ||   413
         Plate armour      |       |       |       |    79 ||    79
  Dodge: Dodged            |    34 |    52 |   140 |   222 ||   448
  Block: Buckler           |    11 |    23 |    67 |    80 ||   181

Table legend:
 A = Non-vault XP
 B = Vault XP
 C = Vault XP percentage of total XP
 D = Non-vault monster count
 E = Vault monster count
 F = Vault count percentage of total count
                 A         B        C        D         E       F
            +---------+---------+-------+---------+---------+-------
      Total |   10468 |    1910 |  15.4 |     188 |      34 |  15.3
            +---------+---------+-------+---------+---------+-------
        D:1 |      36 |       0 |   0.0 |      19 |       0 |   0.0
        D:2 |      36 |       0 |   0.0 |      14 |       0 |   0.0
        D:3 |      40 |      36 |  47.4 |      13 |      13 |  50.0
        D:4 |     582 |     223 |  27.7 |      25 |       1 |   3.8
        D:5 |     617 |       0 |   0.0 |      13 |       0 |   0.0
        D:6 |     426 |     149 |  25.9 |      10 |       9 |  47.4
        D:7 |    1152 |     172 |  13.0 |      28 |       1 |   3.4
        D:8 |    1543 |     404 |  20.7 |      12 |       1 |   7.7
        D:9 |    2560 |     406 |  13.7 |      36 |       2 |   5.3
     Lair:1 |    2045 |       0 |   0.0 |      13 |       0 |   0.0
     Lair:2 |       0 |     359 | 100.0 |       0 |       1 | 100.0
    Abyss:1 |    1431 |       0 |   0.0 |       5 |       0 |   0.0
      Sewer |       0 |     161 | 100.0 |       0 |       6 | 100.0
            +---------+---------+-------+---------+---------+-------
